 Dungeon Crawl Stone Soup version 0.30-a0-652-gcc886f7154 (webtiles) character file.

Game seed: 638740233541668576

861 Dittersdorf the Trooper (level 8, -5/51 HPs)
             Began as a Gargoyle Fighter on Jan 17, 2023.
             Slain by a gnoll sergeant
             ... wielding a +0 spear
              (7 damage)
             ... on level 6 of the Dungeon.
             The game lasted 00:06:44 (4303 turns).

Dittersdorf the Trooper (Gargoyle Fighter)          Turns: 4303, Time: 00:06:45

Health: -5/51      AC: 17    Str: 23    XL:     8   Next: 2%
Magic:  8/8        EV:  7    Int: 14    God:
Gold:   493        SH:  5    Dex:  9    Spells: 7/7 levels left

rFire   . . .      SeeInvis .    a - +0 flail (drain)
rCold   . . .      Faith    .    c - +0 buckler
rNeg    + . .      Spirit   .    e - +1 chain mail
rPois   ∞          Reflect  .    (no helmet)
rElec   +          Harm     .    (no cloak)
rCorr   +          Rampage  .    (no gloves)
Will    .....                    n - +0 pair of boots Stlth
                                 (no amulet)
HPRegen 0.28/turn                j - +6 ring of intelligence
MPRegen 0.11/turn                u - ring of resist corrosion

@: no status effects
A: sickness immunity, AC +5, negative energy resistance 1, electricity
resistance, torment resistance 1, petrification resistance
a: no special abilities


You were on level 6 of the Dungeon.
You visited 1 branch of the dungeon, and saw 6 of its levels.
You also visited: Ossuary.

You collected 493 gold pieces.

Inventory:

Hand Weapons
 a - a +0 flail of draining (weapon)
 w - a +0 morningstar
Missiles
 o - 13 poisoned darts (quivered)
Armour
 c - a +0 buckler (worn)
 e - a +1 chain mail (worn)
 n - a +0 pair of boots (worn)
Jewellery
 j - a +6 ring of intelligence (left hand)
 t - a ring of fire
 u - a ring of resist corrosion (right hand)
Wands
 l - a wand of flame (13)
Scrolls
 b - a scroll of fog
 g - a scroll of fear
 i - 5 scrolls of teleportation
Potions
 d - 2 potions of might
 f - a potion of resistance
 h - 3 potions of curing
 k - 2 potions of flight
 m - a potion of heal wounds {unknown}
 p - a potion of mutation {unknown}
 q - a potion of brilliance {unknown}
 r - a potion of haste {unknown}
 s - a potion of attraction {unknown}
 v - a potion of lignification {unknown}


   Skills:
 + Level 5.8 Fighting
 + Level 4.7 Maces & Flails
 + Level 5.7 Armour
 + Level 5.8 Shields


You had 7 spell levels left.
You didn't know any spells.
Your spell library contained the following spells:

 Spells                   Type           Power      Damage    Failure   Level
 Sting                    Tmut/Pois      0%         1d3       95%         1
 Ensorcelled Hibernation  Hex/Ice        0%         N/A       98%         2
 Passwall                 Tmut/Erth      0%         N/A       98%         2
 Poisonous Vapours        Pois/Air       0%         N/A       98%         2
 Dazzling Flash           Conj/Hex       0%         N/A       100%        3
 Swiftness                Air            0%         N/A       100%        3
 Iskenderun's Mystic Bla  Conj/Tloc      0%         2d3       100%        4
 Olgreb's Toxic Radiance  Pois           0%         N/A       100%        4
 Summon Ice Beast         Ice/Summ       0%         N/A       100%        4
 Summon Mana Viper        Hex/Summ       0%         N/A       100%        5
 Starburst                Conj/Fire      0%         6d3       100%        6
 Monstrous Menagerie      Summ           0%         N/A       100%        7


Dungeon Overview and Level Annotations

Branches:
Dungeon (6/15)            Ossuary (visited)
 Temple: D:4-7

Altars:
Gozag
Hepliaklqana
Kikubaaqudgha
Qazlal
Xom
Yredelemnul
The Shining One

Shops:
D:3 (

Annotations:
D:3 3 runed translucent doors, acebull12's ghost, amateur FoFi


Innate Abilities, Weirdness & Mutations

You are immune to sickness and miasma.
Your stone body is resilient. (AC +5)
You are immune to poison.
You resist negative energy. (rN+)
You are resistant to electric shocks. (rElec)
You are resistant to unholy torment.
You are immune to petrification.


Message History

Throw: 14 darts (poison)
Press: ? - help, Q - select action, (/) - cycle Shift-Dir - straight line, f - gnoll sergeant
Aim: a gnoll sergeant, wielding a +0 spear, wearing a +0 scale mail and wearing a +0 kite shield (severely wounded, 68% to hit)
You throw a poisoned dart.
The gnoll sergeant blocks the poisoned dart.
The gnoll sergeant hits you from afar with a +0 spear.
* * * LOW HITPOINT WARNING * * *
Things that are here:
a +0 leather armour; an orc corpse You hit the gnoll sergeant.
You drain the gnoll sergeant.
The gnoll sergeant is almost dead.
The gnoll sergeant closely misses you. The gnoll sergeant blocks your attack.
The gnoll sergeant is almost dead.
The gnoll sergeant completely misses you.
You hit the gnoll sergeant but do no damage.
The gnoll sergeant is almost dead.
The gnoll sergeant hits you but does no damage.
The gnoll sergeant blocks your attack.
The gnoll sergeant is almost dead.
You block the gnoll sergeant's attack.
You hit the gnoll sergeant.
The gnoll sergeant is almost dead.
The gnoll sergeant barely misses you.
The gnoll sergeant hits you but does no damage.
You barely miss the gnoll sergeant.
The gnoll sergeant is almost dead.
The gnoll sergeant closely misses you.
You hit the gnoll sergeant but do no damage.
The gnoll sergeant is almost dead.
The gnoll sergeant hits you with a +0 spear.
* * * LOW HITPOINT WARNING * * *
You hit the gnoll sergeant but do no damage.
The gnoll sergeant is almost dead.
The gnoll sergeant hits you with a +0 spear.
* * * LOW HITPOINT WARNING * * *
You hit the gnoll sergeant.
The gnoll sergeant is almost dead.
The gnoll sergeant hits you with a +0 spear!
You die...

######.# ...>...#
...###.## # ##...##
#.....#########
##............#
##.#########.## #.#
#..## #.# ##@#.##
##+## #g###.#
##...## ##.#)##
##.....## ##g##
##.......## ##[.#
##.........####g..##
.'.....)...'()g....#
##.........####...##
##.......## ##..#


You could see a gnoll sergeant (drained).

Vanquished Creatures
  A water moccasin (D:4)
  A black bear (D:5)
  An ice beast (D:6)
  2 ogres
  A kobold brigand (D:4)
  An iguana (D:5)
  An orc wizard (D:4)
  8 mummies (Ossuary)
  A gnoll (D:6)
  7 adders
  A shadow imp (D:5)
  A white imp (D:5)
  A worm (D:4)
  4 dart slugs
  7 orcs
  4 endoplasms
  2 giant cockroaches
  A gnoll zombie (Ossuary)
  4 goblins
  4 hobgoblins
  4 jackals (D:1)
  13 kobolds
  8 quokkas
  8 ball pythons
  5 bats
  3 frilled lizards (D:1)
  3 hobgoblin zombies (Ossuary)
  2 kobold zombies (Ossuary)
  2 orc zombies (Ossuary)
  7 rats
108 creatures vanquished.

Vanquished Creatures (others)
  An orc (D:4)
  18 plants (D:4)
19 creatures vanquished.

Grand Total: 127 creatures vanquished

Notes
Turn   | Place    | Note
-------+----------+-------------------------------------------
     0 | D:1      | Dittersdorf the Gargoyle Fighter began the quest for the
                  | Orb.
     0 | D:1      | Reached XP level 1. HP: 14/14 MP: 1/1
    60 | D:1      | Reached XP level 2. HP: 16/19 MP: 2/2
   362 | D:1      | Reached XP level 3. HP: 22/23 MP: 3/3
  1789 | D:3      | Reached XP level 4. HP: 29/29 MP: 4/4
  1809 | D:3      | Found Vuuk Veas's Weapon Boutique.
  1963 | D:3      | Found a runed translucent gate.
  1964 | D:3      | Found a runed translucent gate.
  1964 | D:3      | Found a runed translucent gate.
  1965 | D:3      | Found an opulent altar of Gozag.
  1966 | D:3      | Noticed acebull12's ghost (amateur FoFi)
  2538 | D:4      | Found a glowing golden altar of the Shining One.
  2575 | D:4      | Reached XP level 5. HP: 30/33 MP: 5/5
  2668 | D:4      | Found a sand-covered staircase.
  2671 | Ossuary  | Entered an ossuary
  2776 | Ossuary  | Reached XP level 6. HP: 29/39 MP: 6/6
  3421 | D:4      | Found a shimmering altar of Xom.
  3424 | D:4      | Found an ancient bone altar of Kikubaaqudgha.
  3425 | D:4      | Found a basalt altar of Yredelemnul.
  3425 | D:4      | Found a stormy altar of Qazlal.
  3496 | D:5      | Entered Level 5 of the Dungeon
  3496 | D:5      | Noticed a water moccasin
  3525 | D:4      | Killed a water moccasin
  3526 | D:4      | Reached skill level 5 in Fighting
  3526 | D:4      | Reached skill level 5 in Armour
  3526 | D:4      | Reached skill level 5 in Shields
  3619 | D:5      | Reached XP level 7. HP: 44/44 MP: 7/7
  3936 | D:5      | Found a hazy altar of Hepliaklqana.
  4287 | D:6      | Reached XP level 8. HP: 9/51 MP: 8/8
  4302 | D:6      | HP: 1/51 [gnoll sergeant/+0 spear (5)]
  4303 | D:6      | Slain by a gnoll sergeant

Illustrated notes

Levels and vault maps discovered:
D:1:      amcnicky_arrival_wind_blow, layout_loops_cross, amethyst_killhole
D:2:      layout_loops_cross, minmay_liquid_box
D:3:      layout_loops_ring, serial_shops, shop, ebering_ghost_gozag
D:4:      layout_basic, mainiacjoe_overflow_cross_hatched,
          grunt_temple_overflow_open, lightli_ossuary_entry_decrepit_ruins,
          serial_bayou_lagoon_a
D:5:      layout_rooms, worldfamousw_hep_ancestral_shrine,
          chequers_serial_rivers_micro_a
D:6:      layout_loops_corners, hangedman_decor_slide_cut

Skill      XL: |  1  2  3  4  5  6  7 |
---------------+----------------------+-----
Fighting       | 4 5 |  5.8
Armour         | 4 5 |  5.7
Shields        | 4 5 |  5.8
Maces & Flails | 3 4 |  4.7

Action                   |  1- 3 |  4- 6 |  7- 9 || total
-------------------------+-------+-------+-------++-------
Melee: Flail             |   146 |   186 |    85 ||   417
Throw: Dart              |       |       |     8 ||     8
  Use: Scroll            |       |    13 |     1 ||    14
Armor: Scale mail        |    17 |       |       ||    17
       Chain mail        |    72 |   135 |    65 ||   272
Dodge: Dodged            |    45 |    75 |    36 ||   156
Block: Buckler           |    35 |    34 |    15 ||    84

Table legend: (Time is in decaauts)
 A = Elapsed time spent in this place.
 B = Non-inter-level travel time spent in this place.
 C = Inter-level travel time spent in this place.
 D = Time resting spent in this place.
 E = Time spent auto-exploring this place.
 F = Levels seen in this place.
 G = Mean time per level.
                   A        B        C        D        E       F      G
               +--------+--------+--------+--------+--------+-----+--------+
         Total |   4425 |   4241 |    184 |    282 |   2804 |   7 |  632.1 |
       Dungeon |   4032 |   3848 |    184 |    178 |   2661 |   6 |  672.0 |
       Ossuary |    392 |    392 |      0 |    104 |    143 |   1 |  392.0 |
               +--------+--------+--------+--------+--------+-----+--------+

Top non-repeatable levels by time:
     D:1: 1010 daAuts
     D:3: 786 daAuts
     D:2: 759 daAuts
     D:4: 739 daAuts
     D:5: 493 daAuts
 Ossuary: 392 daAuts
     D:6: 243 daAuts
